Map: Ruins of Seras

Players

KoyoT - Winner!

  • Race: Terran Terran

zamzx

  • Race: Zerg Zerg
  • League: Master

Event: Gauntlet LotV Series 1 Qualifier 1

VOD

Have the link to the VOD?

Description

Time

  • Played on: Nov. 22, 2015, 4:01 p.m.
  • Length: 19:26

All games in this series

Show
View Real Time Build Order
Export as new Build Order

KoyoT Terran - Winner!

Build Orders: Reaper Expand, MMM Bio 

Get SALT Encoding   

  12  0:01  SCV  
  13  0:15  Supply Depot  
  13  0:18  SCV  
  14  0:30  SCV  
  15  0:37  Barracks  
  15  0:42  Refinery  
  15  0:45  SCV  
  16  0:57  SCV  
  17  1:09  SCV  
  18  1:24  Orbital Command  
  18  1:28  Reaper  
  19  1:44  Command Center  
  19  1:50  SCV  
  20  2:00  Supply Depot, Reaper  
  21  2:07  SCV  
  22  2:19  SCV  
  23  2:31  SCV  
  23  2:32  Reaper  
  25  2:42  Factory  
  25  2:43  Refinery  
  24  2:46  SCV  
  25  2:58  SCV, Orbital Command  
  26  3:06  Barracks Reactor  
  26  3:10  SCV  
  27  3:24  SCV  
  27  3:26  SCV  
  29  3:27  Starport  
  29  3:37  SCV  
  29  3:38  SCV, Barracks, Supply Depot  
  29  3:40  Supply Depot  
  31  3:46  Hellion  
  31  3:47  Hellion  
  35  3:49  SCV, Barracks Tech Lab  
  35  3:50  SCV  
  37  4:01  SCV  
  38  4:04  Supply Depot, Viking  
  38  4:08  SCV, Hellion x2  
  45  4:13  SCV  
  45  4:14  Marine  
  47  4:21  SCV  
  47  4:23  Stimpack  
  48  4:25  SCV  
  48  4:28  Supply Depot  
  48  4:29  Hellion x2  
  53  4:33  SCV  
  53  4:35  Marine x2  
  53  4:37  SCV  
  57  4:49  SCV x2  
  57  4:51  Supply Depot  
  59  4:53  Marine  
  59  4:55  Bunker  
  60  5:03  SCV  
  60  5:05  Factory Tech Lab  
  61  5:08  SCV  
  61  5:09  Supply Depot  
  61  5:11  Marauder  
  61  5:12  Supply Depot  
  61  5:13  Marine x2  
  66  5:21  SCV  
  66  5:23  Medivac  
  66  5:25  Siege Tank  
  72  5:34  Marine x2  
  72  5:35  Marauder  
  76  5:36  SCV x2  
  76  5:39  Command Center  
  78  5:50  SCV  
  78  5:52  Marine x2  
  78  5:53  Medivac  
  78  5:56  Marauder  
  84  5:57  Siege Tank  
  84  5:58  Supply Depot  
  84  5:59  SCV  
  86  6:10  Marine x2  
  88  6:12  Refinery x2  
  88  6:17  Marauder  
  90  6:22  SCV  
  91  6:32  SCV  
  79  6:39  Marine  
  71  6:40  Siege Tank, Marauder  
  72  6:52  SCV  
  72  6:54  Combat Shields  
  68  6:55  Starport Reactor  
  68  6:58  Barracks  
  68  6:59  Supply Depot, Barracks  
  68  7:00  Barracks  
  67  7:01  Engineering Bay  
  67  7:02  Engineering Bay  
  67  7:05  Marine x2  
  67  7:06  Marauder  
  71  7:15  Orbital Command  
  71  7:16  Bunker  
  71  7:17  SCV x2  
  71  7:21  Supply Depot  
  73  7:30  Marine  
  73  7:31  Marauder, Marine  
  73  7:34  SCV x2  
  73  7:35  Terran Infantry Weapons Level 1, Terran Infantry Armor Level 1  
  79  7:39  Armory, Medivac  
  79  7:40  Orbital Command, Medivac  
  83  7:46  SCV  
  83  7:47  SCV  
  85  7:57  Marine x2  
  85  7:58  Barracks Reactor x3, SCV  
  87  8:00  Supply Depot x2  
  87  8:01  Bunker  
  87  8:04  SCV  
  89  8:08  SCV  
  89  8:10  SCV, Refinery  
  91  8:14  Refinery  
  91  8:16  SCV  
  91  8:19  Marine  
  92  8:20  Marine x2  
  92  8:22  Siege Tank  
  92  8:23  Medivac x2  
  92  8:26  SCV  
  103  8:27  SCV  
  103  8:28  SCV  
  105  8:37  Supply Depot, Marine x2  
  105  8:38  Marine  
  105  8:39  Supply Depot, Marauder, Marine x5  
  113  8:41  SCV  
  113  8:43  SCV x2  
  116  8:54  SCV, Widow Mine  
  116  8:55  Marine x2  
  119  8:56  Marine x2  
  119  8:57  SCV x2, Marine  
  119  8:58  Marine  
  119  9:02  Supply Depot  
  127  9:05  Supply Depot  
  127  9:06  SCV  
  127  9:08  Marine x3  
  127  9:09  SCV  
  132  9:13  Marine x2  
  134  9:24  Siege Tank  
  134  9:30  Marine  
  124  9:33  Marine x2  
  116  9:40  Marine x2  
  116  9:41  Marine x4  
  122  9:47  Marine  
  122  9:51  Terran Infantry Weapons Level 2, Marine x2  
  122  9:52  Terran Infantry Armor Level 2  
  124  9:54  Barracks  
  124  9:55  Factory  
  124  9:56  Siege Tank, Barracks  
  124  9:58  Marine x4  
  124  9:59  Barracks  
  122  10:14  Marine x4  
  122  10:15  Marauder  
  122  10:16  Marine x4  
  122  10:18  Medivac x2  
  136  10:32  Marine x2  
  136  10:34  Marine x3  
  136  10:35  Marine x3  
  143  10:36  Marauder  
  143  10:37  Widow Mine  
  147  10:48  Marine x3, Medivac x2  
  153  10:50  Marine x2  
  153  10:52  Marine x3  
  153  10:53  Marine x3  
  161  10:57  Marine  
  162  11:05  Marine  
  162  11:06  Widow Mine, Marine x2  
  162  11:07  Marine x2  
  162  11:08  Factory Tech Lab  
  162  11:10  Marine x3  
  172  11:15  Marauder  
  169  11:21  Marine x3  
  169  11:23  Marine x2  
  169  11:24  Marine  
  165  11:31  Marine  
  165  11:32  Marine x4  
  168  11:37  Marauder  
  168  11:38  Marine  
  168  11:39  Siege Tank  
  174  11:41  Drilling Claws  
  174  11:44  SCV  
  174  11:45  SCV  
  174  11:49  Marine x2  
  174  11:51  Siege Tank  
  174  11:52  Barracks Tech Lab x2  
  146  12:12  Marine x4  
  149  12:17  Siege Tank, Marine  
  149  12:18  Marauder, Marine x3  
  158  12:23  Siege Tank  
  159  12:35  Command Center  
  149  12:46  Marine x2  
  149  12:49  Marine x2  
  146  12:52  Terran Infantry Weapons Level 3, Terran Infantry Armor Level 3  
  146  12:55  Marine x2  
  146  12:58  Medivac x2  
  152  12:59  Siege Tank  
  152  13:00  Siege Tank  
  152  13:03  Marine x3  
  152  13:04  Marine x3  
  164  13:09  Marine x2  
  166  13:25  Marine x2  
  166  13:26  Marine x9  
  165  13:27  Marine  
  165  13:28  Medivac  
  165  13:31  Siege Tank  
  133  13:48  Marine  
  133  13:49  Marine x2  
  133  13:50  Marauder, Marine x7  
  133  13:51  Marine  
  137  14:03  Planetary Fortress  
  137  14:06  Marine x3  
  137  14:07  Marine  
  141  14:12  Marine  
  141  14:14  Marine x2  
  141  14:15  Marauder, Marine  
  141  14:16  Concussive Shells  
  141  14:17  Barracks Tech Lab  
  139  14:24  Marine x5  
  140  14:25  Marine  
  140  14:30  Terran Vehicle Weapons Level 1  
  145  14:37  Marauder  
  147  14:47  Marine x4  
  147  14:48  Marauder, Marine  
  147  14:51  Siege Tank x2  
  160  15:08  Command Center  
  160  15:11  Marauder x2, Marine  
  160  15:12  Marauder  
  167  15:27  Marine x4  
  167  15:28  Marauder, Marine x3  
  176  15:30  Siege Tank  
  176  15:34  Medivac x2  
  183  15:35  Marine  
  184  15:46  Marine x3  
  186  15:53  Marine x3  
  186  15:54  Marine  
  169  16:10  Marine x7  
  166  16:11  Marauder, Marine x3  
  166  16:12  Widow Mine, Marine  
  171  16:28  Marine x4  
  171  16:30  Marine x2  
  162  16:35  Marine x3  
  146  16:45  Siege Tank, Marine x2  
  145  16:58  Command Center  
  139  17:01  Marauder, Marine x5  
  146  17:09  Marauder, Marine x3  
  146  17:15  Marine x2  
  147  17:23  Planetary Fortress, Marauder  
  147  17:27  Missile Turret  
  147  17:29  Missile Turret  
  149  17:31  Siege Tank  
  152  17:40  Marine x2  
  152  17:43  Siege Tank  
  157  17:53  Marine x4  
  157  17:54  Marauder x2, Marine x4  
  157  17:56  Medivac x2  
  157  17:57  Marine  
  157  17:58  Marine  
  175  18:11  Marine x5  
  175  18:12  Marauder, Marine x2  
  181  18:15  Marine  
  176  18:20  Command Center, Thor  
  176  18:26  Thor, Marauder  
  182  18:30  Marauder  
  182  18:33  Marauder  
  186  18:35  Refinery  
  186  18:39  Marine x3  
  186  18:40  Marauder  
  190  18:47  Marine x3  
  188  18:55  Marine x4  
  176  18:56  Marauder  
  176  18:57  Marine x2  
  183  19:03  Marine x2  
  183  19:05  Marine x2  
  183  19:08  Marine  
Show
View Real Time Build Order
Export as new Build Order

zamzx Zerg 

Build Orders: Hatch First 

Get SALT Encoding   

  12  0:00  Drone  
  13  0:12  Overlord  
  13  0:17  Drone  
  14  0:31  Drone x2  
  14  0:35  Drone  
  17  0:53  Hatchery  
  16  0:57  Extractor  
  16  0:58  Drone  
  16  1:02  Drone  
  17  1:16  Spawning Pool  
  16  1:19  Drone  
  16  1:23  Drone  
  18  1:29  Drone  
  19  1:41  Drone  
  20  1:49  Overlord  
  20  2:01  Drone  
  20  2:04  Metabolic Boost, Queen  
  23  2:10  Queen  
  25  2:16  Zergling x2  
  25  2:17  Zergling x2  
  27  2:31  Drone x3  
  30  2:44  Queen  
  30  2:45  Queen  
  30  2:48  Drone  
  30  2:49  Drone  
  36  2:55  Overlord  
  36  2:58  Overlord  
  36  3:04  Extractor  
  36  3:05  Extractor  
  33  3:19  Overlord  
  33  3:21  Drone x3  
  33  3:22  Drone x3  
  38  3:32  Roach Warren  
  38  3:33  Zergling x2  
  38  3:39  Drone x2  
  40  3:43  Drone x2  
  40  3:46  Drone  
  43  3:54  Drone x3  
  46  4:01  Drone x3  
  49  4:15  Roach x4  
  57  4:21  Evolution Chamber  
  56  4:26  Roach x2  
  56  4:29  Overlord  
  60  4:49  Overlord x2  
  60  4:50  Roach x3  
  60  4:51  Roach  
  68  4:57  Overlord x2  
  68  5:16  Roach x6  
  68  5:17  Roach  
  68  5:19  Lair  
  81  5:23  Zerg Missile Weapons Level 1  
  81  5:34  Overlord  
  81  5:39  Ravager x2  
  81  5:40  Ravager  
  81  5:41  Overlord  
  84  5:43  Hatchery  
  83  5:54  Drone x2, Extractor  
  84  6:00  Ravager x2  
  84  6:01  Ravager  
  84  6:02  Ravager x2  
  89  6:07  Drone  
  89  6:08  Drone x2  
  92  6:12  Spore Crawler  
  92  6:13  Spore Crawler  
  92  6:18  Glial Reconstitution  
  90  6:30  Hatchery, Roach x2, Zergling x6  
  68  6:44  Zergling x16  
  70  6:54  Ravager  
  70  6:56  Roach x2  
  70  6:57  Roach x2  
  71  7:05  Overlord  
  71  7:11  Spire  
  71  7:12  Drone x2  
  72  7:20  Roach x2  
  72  7:21  Roach  
  79  7:30  Drone x4  
  81  7:45  Roach x5  
  91  7:53  Ravager x2  
  91  7:54  Ravager  
  91  7:57  Roach x2  
  91  7:58  Roach x2  
  102  8:10  Zerg Ground Armor Level 1  
  102  8:14  Ravager x2  
  102  8:15  Evolution Chamber, Roach x2  
  107  8:34  Overseer  
  107  8:38  Drone x4  
  107  8:40  Overlord x2  
  111  8:51  Overlord x3  
  111  8:58  Corruptor  
  111  8:59  Corruptor x2  
  117  9:11  Zerg Missile Weapons Level 2  
  117  9:12  Corruptor  
  113  9:29  Drone x2, Roach x2  
  113  9:30  Drone x5  
  113  9:39  Corruptor x2  
  115  9:48  Drone  
  115  9:49  Drone x5  
  121  10:04  Overlord  
  121  10:05  Overlord x2  
  116  10:10  Overlord  
  116  10:11  Zerg Ground Armor Level 2  
  116  10:13  Queen  
  116  10:15  Zergling x10  
  116  10:16  Zergling x2  
  116  10:20  Infestation Pit  
  121  10:22  Overlord  
  119  10:46  Roach x3  
  119  10:47  Roach x10  
  145  10:53  Queen  
  145  11:01  Roach x4  
  153  11:07  Extractor  
  153  11:10  Extractor  
  151  11:16  Drone x2  
  151  11:17  Drone x4  
  144  11:27  Drone x4  
  145  11:37  Drone x2, Infestation Pit  
  145  11:38  Drone x4  
  137  12:05  Roach x6, Zergling x10  
  137  12:06  Roach, Zergling x4  
  137  12:07  Roach x2, Zergling x2  
  142  12:16  Hive  
  142  12:18  Spore Crawler  
  142  12:19  Overseer  
  142  12:20  Drone x4, Spine Crawler  
  143  12:29  Roach x3  
  149  12:33  Roach  
  146  12:46  Roach x3, Zergling x6  
  146  12:47  Zergling x2  
  146  12:48  Roach x2, Zergling x2  
  151  12:55  Drone x4  
  155  12:59  Extractor, Zergling x2  
  155  13:00  Extractor  
  155  13:03  Roach, Zergling x4  
  158  13:09  Baneling Nest  
  158  13:12  Zergling x2  
  160  13:13  Roach  
  160  13:14  Spore Crawler, Spine Crawler  
  160  13:18  Roach, Zergling x2  
  161  13:23  Zergling x2  
  161  13:24  Roach x2, Zergling x2  
  148  13:27  Roach, Zergling x2  
  148  13:28  Zergling x2  
  148  13:33  Zergling x2  
  148  13:34  Roach  
  151  13:40  Zergling x2  
  151  13:41  Roach  
  126  13:45  Roach, Zergling x4  
  111  13:49  Roach  
  111  13:52  Roach  
  111  13:53  Zergling x2  
  109  13:56  Queen  
  109  14:00  Drone x2  
  113  14:06  Adrenal Glands  
  113  14:07  Zergling x6  
  116  14:12  Overlord  
  116  14:14  Zerg Missile Weapons Level 3  
  116  14:19  Roach x2  
  116  14:20  Roach  
  121  14:28  Overlord, Zergling x6  
  121  14:29  Roach x2, Zergling x4  
  130  14:32  Roach  
  130  14:33  Ravager  
  130  14:34  Ravager  
  134  14:39  Spine Crawler  
  134  14:40  Roach x3  
  134  14:42  Spine Crawler  
  134  14:45  Spine Crawler, Roach  
  139  14:47  Baneling x3  
  139  14:48  Baneling x2  
  139  14:49  Zergling x8  
  139  14:52  Queen  
  143  14:54  Roach, Zergling x4  
  143  14:55  Roach x2, Zergling x2  
  154  15:03  Zergling x8  
  154  15:04  Baneling x4  
  154  15:05  Baneling x3  
  158  15:07  Zergling x4  
  158  15:08  Zergling x2  
  161  15:15  Roach x4  
  161  15:16  Roach x3  
  175  15:21  Zergling x6  
  175  15:22  Zergling x4  
  180  15:31  Ultralisk Cavern  
  180  15:34  Overlord  
  179  15:44  Roach x2  
  179  15:45  Roach  
  184  15:54  Overlord x2  
  153  16:05  Zergling x4  
  153  16:06  Zergling x8  
  153  16:08  Zergling x2  
  153  16:09  Roach x4, Zergling x4  
  161  16:15  Roach x2, Zergling x2  
  156  16:23  Roach, Zergling x6  
  156  16:24  Roach, Zergling x2  
  161  16:28  Zergling x4  
  152  16:36  Roach x2, Zergling x4  
  153  17:07  Hatchery, Drone  
  153  17:08  Drone x4  
  153  17:14  Overlord x3  
  150  17:31  Spine Crawler  
  147  17:37  Hatchery  
  147  17:43  Ultralisk  
  152  17:52  Ultralisk  
  158  18:10  Ultralisk  
  164  18:15  Hatchery  
  146  18:39  Roach  
  146  18:40  Roach x6  
  157  18:46  Roach x3  
  155  18:53  Overseer  
  125  19:09  Ultralisk Cavern  
Tags
 
Add a new tag
Caveats
  • Supply blocks, unpowered buildings, or Contaminate may cause inaccurate times.
  • Supply counts are checked every 10 seconds.